 Dungeon Crawl Stone Soup version 0.23.1 (webtiles) character file.

Game seed: 0

21965 misha the Phalangite (level 12, -8/157 HPs)
             Began as a Merfolk Berserker on Mar 8, 2019.
             Was a High Priest of Trog.
             Splashed by a deep elf mage's acid (13 damage)
             ... on level 13 of the Dungeon.
             The game lasted 01:02:31 (18483 turns).

misha the Phalangite (Merfolk Berserker)           Turns: 18483, Time: 01:02:32

Health: -8/157     AC: 13    Str: 28    XL:     12   Next: 95%
Magic:  12/12      EV:  6    Int:  8    God:    Trog [*****.]
Gold:   667        SH: 10    Dex: 13    Spells: 11/11 levels left

rFire    . . .     SeeInvis .   J - +3 spear "Cuterrei" {pierce, +Inv Str+2}
rCold    . . .     Gourm    .   q - +0 shield
rNeg     . . .     Faith    .   E - +0 plate armour
rPois    .         Spirit   .   o - +0 helmet
rElec    .         Reflect  .   s - scarf {repulsion}
rCorr    .         Harm     .   (no gloves)
MR       .....                  Y - +0 pair of boots
Stlth    ..........             (no amulet)
HPRegen  0.36/turn              (no ring)
MPRegen  0.13/turn              (no ring)

@: berserking (expiring), repel missiles, very quick
A: change form in water, swift swim, stealthy swim
a: Berserk, Trog's Hand, Brothers in Arms, Renounce Religion, Evoke Invisibility


You were on level 13 of the Dungeon.
You worshipped Trog.
Trog was extremely pleased with you.
You were not hungry.

You visited 1 branch of the dungeon, and saw 13 of its levels.

You collected 667 gold pieces.

Inventory:

Hand Weapons
 b - a +1 glaive of venom
 J - the +3 spear "Cuterrei" (weapon) {pierce, +Inv Str+2}
   (You found it on level 9 of the Dungeon)

   It inflicts extra damage upon your enemies.
   It affects your strength (+2).
   It lets you turn invisible.
 N - a +3 demon whip of pain
 Q - the +8 Wrath of Trog {antimagic, *Rage}
   (You found it on level 9 of the Dungeon)

   It reduces the magical energy of the wielder, and disrupts the spells and
   magical abilities of those hit.
   Natural abilities and divine invocations are not affected.
   It may make you go berserk in combat.
 R - a +3 antimagic bardiche
Missiles
 d - 314 stones (quivered)
 f - 77 sling bullets
 i - 4 javelins
 t - 30 poisoned needles
 G - 8 tomahawks of dispersal
 H - a throwing net
 T - 6 needles of confusion
 U - 4 tomahawks
 Z - 7 curare-tipped needles
Armour
 m - a +0 cloak
 o - a +0 helmet (worn)
 q - a +0 shield (worn)
 s - a scarf of repulsion (worn)
 E - a +0 plate armour (worn)
 M - the +2 pair of gloves of the Skies Above {rPois Str-5 SInv}
   (You found it on level 9 of the Dungeon)

   It affects your strength (-5).
   It protects you from poison.
   It lets you see invisible.
 Y - a +0 pair of boots (worn)
Magical Staves
 u - an uncursed staff of conjuration
 P - an uncursed staff of cold
Jewellery
 L - a cursed ring of wizardry
Wands
 r - a wand of flame (3)
 C - a wand of iceblast (15)
 V - a wand of scattershot (6)
 X - a wand of digging (6)
Scrolls
 a - 2 scrolls of magic mapping
 k - 3 scrolls of remove curse
 n - a scroll of fog
 w - 3 scrolls of teleportation
 y - 3 scrolls of enchant armour
 B - 5 scrolls of identify
 F - 2 scrolls of enchant weapon {unknown}
Potions
 e - a potion of magic
 h - 4 potions of haste
 j - 6 potions of curing
 l - a potion of agility
 p - 3 potions of resistance
 v - 2 potions of berserk rage
 x - 3 potions of heal wounds
 z - 2 potions of cancellation
 A - a potion of mutation
 D - 2 potions of might
 I - a potion of flight
 K - 2 potions of lignification
 W - a potion of degeneration {unknown}
Miscellaneous
 g - a crystal ball of energy
 O - a phantom mirror
 S - a fan of gales
Comestibles
 c - 11 rations


   Skills:
 + Level 13.1 Fighting
 * Level 21.4 Polearms
 + Level 2.7 Armour
 - Level 2.8 Dodging
 - Level 0.3 Stealth
 * Level 4.2 Shields


You had 11 spell levels left.
You didn't know any spells.
Your spell library was empty.

Dungeon Overview and Level Annotations

Branches:
Dungeon (13/15)            Temple (0/1) D:7            Lair (0/6) D:10
    Orc (0/2) D:12
 Vaults: D:13-14

Altars:
Ashenzari
Dithmenos
Fedhas
Hepliaklqana
Kikubaaqudgha
Okawaru
Qazlal
Trog
Uskayaw
Wu Jian
Zin
The Shining One
Beogh

Portals:
Trove: D:10 (give 5 potions of resistance)


Message History

Trog accepts your kill. The quasit barely misses you.
You block the quasit's attack. The quasit completely misses you.
The troll bites you!
* * * LOW HITPOINT WARNING * * *
The troll claws you.
* * * LOW HITPOINT WARNING * * *
The troll claws you but does no damage.
You closely miss the troll. You closely miss the troll.
The quasit barely misses you. x3
You hit the troll.
The troll is lightly wounded.
The troll bites you!
* * * LOW HITPOINT WARNING * * *
You block the troll's attack. x2
You impale the troll!!
The troll is severely wounded.
The deep elf mage zaps a wand.
The bolt of acid hits you!
* * * LOW HITPOINT WARNING * * *
You are splashed with acid!
You die...

..# ...# ....#
#....# ##....#
.......##
#..).####
#.5@(..#
##)TH....#
..........#
......#.....#
#..e...##....#
##..... #....#
##.... #....#
##... #....


You could see a sphinx, a deep elf mage, a troll and a quasit.

Vanquished Creatures
  A hydra (D:11)
  3 centaur warriors (D:13)
  Erica (D:8)
  3 two-headed ogres
  Sonja (D:11)
  Urug (D:12)
  An unseen horror (D:12)
  A cyclops (D:9)
  5 ugly things
  Joseph (D:8)
  2 centaur zombies
  An efreet (D:9)
  A hornet (D:8)
  3 trolls
  3 hippogriffs
  10 yaks
  A wraith (D:10)
  A wyvern (D:11)
  4 hogs (D:7)
  A steam dragon (D:11)
  3 hungry ghosts
  A human (D:7)
  2 vampire mosquitoes (D:12)
  3 wargs
  4 sky beasts
  4 black bears
  4 orc warriors
  4 ice beasts
  6 phantoms
  2 necrophages
  3 centaurs
  2 ogres
  A crocodile (D:9)
  A big kobold (shapeshifter) (D:9)
  9 bullfrogs
  A scorpion (D:9)
  6 killer bees
  5 wights
  9 howler monkeys
  2 vampire bats (D:9)
  2 bullfrog zombies
  An electric eel (D:10)
  3 crimson imps
  Crazy Yiuf (D:2)
  10 hounds
  A quasit (D:12)
  4 bullfrog skeletons
  A jelly (D:5)
  11 orc priests
  12 orc wizards
  A centaur skeleton (D:10)
  3 iguanas
  10 worker ants
  13 gnolls
  9 adders
  3 shadow imps
  An ooze (D:1)
  2 adder skeletons
  An adder zombie (D:6)
  7 worms
  2 dart slugs (D:2)
  4 leopard geckos
  43 orcs
  2 ball pythons
  4 bat skeletons (D:9)
  2 bat zombies (D:9)
  4 giant cockroaches
  10 goblins
  12 hobgoblins
  4 jackals (D:7)
  4 quokkas
  10 bats
  5 frilled lizards
  8 kobolds
  A leopard gecko skeleton (D:7)
  2 leopard gecko zombies
  10 rats
  2 plants (D:4)
342 creatures vanquished.

Vanquished Creatures (collateral kills)
  2 ice beasts
  A bullfrog (D:8)
  2 killer bees (D:9)
  5 orcs
10 creatures vanquished.

Vanquished Creatures (others)
  9 plants
9 creatures vanquished.

Grand Total: 361 creatures vanquished

Notes
Turn   | Place    | Note
-------+----------+-------------------------------------------
     0 | D:1      | misha the Merfolk Berserker began the quest for the Orb.
     0 | D:1      | Reached XP level 1. HP: 18/18 MP: 1/1
    71 | D:1      | Reached XP level 2. HP: 24/24 MP: 2/2
    86 | D:1      | Reached skill level 5 in Polearms
   251 | D:1      | Reached XP level 3. HP: 30/30 MP: 3/3
   411 | D:1      | Reached ** piety under Trog
   963 | D:2      | Reached skill level 6 in Polearms
   963 | D:2      | Reached XP level 4. HP: 22/37 MP: 4/4
  1198 | D:2      | Found a runed translucent door.
  1198 | D:2      | Noticed Crazy Yiuf
  1204 | D:2      | Killed Crazy Yiuf
  1204 | D:2      | Reached XP level 5. HP: 43/43 MP: 5/5
  1290 | D:2      | Reached skill level 7 in Polearms
  1747 | D:2      | Found a glowing golden altar of the Shining One.
  2163 | D:2      | Found a shattered altar of Ashenzari.
  2421 | D:3      | Reached *** piety under Trog
  2825 | D:3      | Noticed an angel
  2826 | D:3      | Found a glowing silver altar of Zin.
  3193 | D:4      | Reached skill level 5 in Fighting
  3193 | D:4      | Reached skill level 8 in Polearms
  3193 | D:4      | Reached XP level 6. HP: 47/51 MP: 6/6
  3867 | D:5      | Entered Level 5 of the Dungeon
  3929 | D:5      | Found a hazy altar of Hepliaklqana.
  3929 | D:5      | Found a bloodstained altar of Trog.
  3930 | D:5      | Found a stormy altar of Qazlal.
  3930 | D:5      | Found a hide-covered altar of Uskayaw.
  3931 | D:5      | Noticed a phantom
  3948 | D:5      | Killed a phantom
  3948 | D:5      | Reached skill level 9 in Polearms
  4056 | D:5      | Reached XP level 7. HP: 56/56 MP: 7/7
  4257 | D:5      | Reached skill level 10 in Polearms
  4421 | D:5      | Found an ornate altar of the Wu Jian Council.
  4533 | D:5      | Found an ancient bone altar of Kikubaaqudgha.
  4824 | D:5      | Found a shadowy altar of Dithmenos.
  5378 | D:6      | Reached XP level 8. HP: 60/65 MP: 8/8
  5389 | D:6      | Reached **** piety under Trog
  5390 | D:6      | Reached skill level 11 in Polearms
  5747 | D:6      | Reached skill level 12 in Polearms
  6720 | D:6      | Reached skill level 13 in Polearms
  6720 | D:6      | Reached XP level 9. HP: 74/74 MP: 9/9
  7358 | D:7      | Reached skill level 14 in Polearms
  7437 | D:7      | Found an iron altar of Okawaru.
  7461 | D:7      | Found a staircase to the Ecumenical Temple.
  8059 | D:7      | Reached skill level 15 in Polearms
  8473 | D:8      | Reached XP level 10. HP: 83/83 MP: 10/10
  8490 | D:8      | Reached ***** piety under Trog
  8624 | D:8      | Noticed Joseph
  8642 | D:8      | Killed Joseph
  8646 | D:8      | Reached skill level 16 in Polearms
  8894 | D:8      | Noticed Erica
  8901 | D:8      | Killed Erica
  8901 | D:8      | Reached skill level 10 in Fighting
  9586 | D:8      | Reached skill level 17 in Polearms
  9870 | D:8      | Found a roughly hewn altar of Beogh.
 10108 | D:9      | Found a blossoming altar of Fedhas.
 10243 | D:9      | Got an ancient spear
 10334 | D:9      | Found a blossoming altar of Fedhas.
 10336 | D:9      | Noticed a two-headed ogre
 10336 | D:9      | Noticed a cyclops
 10364 | D:9      | Killed a two-headed ogre
 10364 | D:9      | Reached XP level 11. HP: 46/92 MP: 11/11
 10372 | D:9      | Killed a cyclops
 10372 | D:9      | Reached skill level 18 in Polearms
 10687 | D:9      | Found the +8 Wrath of Trog {antimagic, *Rage}
 10696 | D:9      | Got a pair of faintly humming gloves
 10726 | D:9      | Identified the +2 pair of gloves of the Skies Above {rPois
                  | Str-5 SInv} (You found it on level 9 of the Dungeon)
 10727 | D:9      | Identified the cursed +3 spear "Cuterrei" {pierce, +Inv
                  | Str+2} (You found it on level 9 of the Dungeon)
 11189 | D:9      | Found an ancient bone altar of Kikubaaqudgha.
 11487 | D:10     | Entered Level 10 of the Dungeon
 12939 | D:10     | Found a staircase to the Lair.
 13173 | D:9      | Received a gift from Trog
 13917 | D:10     | Found an iron altar of Okawaru.
 13930 | D:10     | Found a portal to a secret trove of treasure.
 13994 | D:10     | Reached skill level 19 in Polearms
 14635 | D:11     | Noticed a red ugly thing
 14656 | D:11     | Killed a red ugly thing
 14835 | D:11     | Noticed a two-headed ogre
 14844 | D:11     | Killed a two-headed ogre
 15048 | D:11     | Noticed a six-headed hydra
 15048 | D:11     | Noticed a two-headed ogre
 15066 | D:11     | Killed a six-headed hydra
 15066 | D:11     | Reached skill level 20 in Polearms
 15066 | D:11     | Reached XP level 12. HP: 102/102 MP: 12/12
 15074 | D:11     | Killed a two-headed ogre
 16136 | D:11     | Noticed Sonja
 16149 | D:11     | Killed Sonja
 16941 | D:12     | Received a gift from Trog
 17096 | D:12     | Reached skill level 1 in Shields
 17207 | D:12     | Noticed Urug
 17226 | D:12     | Killed Urug
 17226 | D:12     | Reached skill level 21 in Polearms
 17755 | D:12     | Found a staircase to the Orcish Mines.
 18457 | D:13     | Noticed a centaur warrior
 18457 | D:13     | Noticed a centaur warrior
 18463 | D:13     | Noticed a centaur warrior
 18467 | D:13     | Noticed a sphinx
 18470 | D:13     | Killed a centaur warrior
 18474 | D:13     | Killed a centaur warrior
 18479 | D:13     | Killed a centaur warrior
 18483 | D:13     | HP: 5/157 [deep elf mage/wand of acid (6) (12)]
 18483 | D:13     | Splashed by a deep elf mage's acid

Skill      XL: |  1  2  3  4  5  6  7  8  9 10 11 12 |
---------------+-------------------------------------+-----
Polearms       | 5 6 8 9 10 13 15 17 20 21 | 21.4
Fighting       | 4 5 6 7 9 10 12 13 | 13.1
Shields        | 4 |  4.2
Armour         | 2 |  2.7
Dodging        | |  2.8
Stealth        | |  0.3

Action                   |  1- 3 |  4- 6 |  7- 9 | 10-12 || total
-------------------------+-------+-------+-------+-------++-------
Melee: Spear             |   141 |    91 |       |   640 ||   872
       Halberd           |       |   176 |   192 |       ||   368
       Tailslap          |       |     7 |       |     6 ||    13
       Glaive            |       |       |   111 |   118 ||   229
       Rapier            |       |       |       |    21 ||    21
       Demon whip        |       |       |       |     9 ||     9
       Battleaxe         |       |       |       |     6 ||     6
Invok: Berserk           |     2 |     3 |     5 |    19 ||    29
       Brothers in Arms  |       |       |       |     5 ||     5
 Abil: Evoke Invisibilit |       |       |       |     1 ||     1
  Use: Scroll            |     3 |     9 |     5 |    14 ||    31
       Potion            |       |       |     1 |     3 ||     4
 Stab: Sleeping          |     2 |     3 |     1 |       ||     6
       Distracted        |       |       |       |     1 ||     1
       Invisible         |       |       |       |     2 ||     2
  Eat: Chunk             |     1 |    13 |    13 |    19 ||    46
       Ration            |       |       |     2 |    10 ||    12
Armor: Animal skin       |    23 |    52 |    36 |       ||   111
       Plate armour      |       |       |    60 |   437 ||   497
Dodge: Dodged            |    75 |   146 |   133 |   134 ||   488
       Deflected         |       |       |     7 |     6 ||    13
Block: Shield            |       |       |       |   194 ||   194
